Map: Oxide LE

Players

MaxPax

  • Race: Protoss Protoss

SKillous - Winner!

  • Race: Protoss Protoss

Event: DreamHack SC2 Masters 2021 Fall

VOD

Have the link to the VOD?

Description

Time

  • Played on: Aug. 7, 2021, 10:14 a.m.
  • Length: 10:05

All games in this series

Show
View Real Time Build Order
Export as new Build Order

MaxPax Protoss 

Build Orders: Phoenix Opening 

Get SALT Encoding   

  12  0:00  Probe  
  13  0:12  Probe  
  14  0:19  Pylon  
  14  0:24  Probe  
  15  0:37  Probe (Chrono Boost)  
  15  0:39  Gateway  
  16  0:48  Assimilator, Probe (Chrono Boost)  
  17  0:53  Probe (Chrono Boost)  
  18  1:03  Probe (Chrono Boost)  
  19  1:06  Assimilator  
  19  1:08  Pylon  
  19  1:15  Probe (Chrono Boost)  
  20  1:21  Probe (Chrono Boost)  
  21  1:28  Cybernetics Core  
  21  1:30  Probe  
  24  1:42  Probe  
  26  1:54  Probe  
  26  2:05  Adept (Chrono Boost)  
  26  2:07  Nexus  
  26  2:15  Stargate  
  26  2:19  Probe  
  27  2:26  Warp Gate  
  27  2:34  Stalker  
  27  2:36  Probe  
  30  2:42  Pylon  
  29  2:48  Probe  
  30  3:00  Phoenix (Chrono Boost), Probe  
  34  3:12  Probe  
  34  3:18  Shield Battery  
  34  3:23  Phoenix (Chrono Boost)  
  34  3:24  Probe x2  
  38  3:30  Shield Battery  
  38  3:37  Probe x2  
  40  3:43  Phoenix (Chrono Boost)  
  42  3:49  Probe  
  42  3:55  Probe  
  42  3:56  Assimilator  
  42  4:01  Probe  
  43  4:07  Phoenix (Chrono Boost), Probe  
  46  4:12  Gateway  
  46  4:13  Twilight Council, Probe  
  47  4:19  Probe  
  47  4:23  Pylon  
  48  4:25  Probe  
  48  4:28  Phoenix  
  48  4:31  Probe  
  52  4:38  Gateway  
  52  4:40  Gateway  
  52  4:43  Probe  
  53  4:46  Charge (Chrono Boost)  
  53  4:49  Probe  
  54  4:55  Probe  
  54  4:59  Phoenix  
  57  5:01  Probe  
  57  5:06  Stalker  
  60  5:12  Pylon  
  59  5:24  Phoenix  
  59  5:25  Zealot  
  62  5:31  Zealot  
  64  5:36  Forge  
  64  5:37  Zealot x2  
  68  5:49  Dark Shrine  
  68  5:50  Pylon  
  68  5:59  Robotics Facility  
  68  6:05  Phoenix (Chrono Boost)  
  68  6:09  Zealot x2  
  68  6:10  Zealot  
  68  6:11  Nexus  
  76  6:12  Zealot  
  78  6:32  Protoss Ground Weapons Level 1 (Chrono Boost)  
  78  6:33  Pylon, Photon Cannon  
  78  6:51  Phoenix, Probe x2  
  78  6:52  Observer (Chrono Boost)  
  83  7:00  Zealot  
  85  7:03  Pylon, Probe x2  
  85  7:14  Pylon  
  85  7:17  Gateway  
  85  7:20  Probe, Immortal (Chrono Boost)  
  90  7:22  Dark Templar  
  90  7:24  Dark Templar  
  90  7:25  Probe x2  
  90  7:29  Shield Battery  
  96  7:33  Probe  
  95  7:37  Probe  
  96  7:48  Zealot x2  
  96  7:50  Phoenix  
  96  8:00  Probe  
  97  8:09  Dark Templar  
  97  8:15  Phoenix  
  97  8:18  Immortal (Chrono Boost)  
  93  8:21  Probe x2  
  93  8:23  Probe  
  100  8:32  Zealot x4  
  108  8:36  Gateway  
  108  8:37  Gateway  
  108  8:39  Gateway  
  108  8:42  Pylon  
  108  8:45  Pylon  
  108  8:47  Pylon  
  108  8:48  Photon Cannon  
  106  8:59  Immortal (Chrono Boost)  
  110  9:03  Probe x3  
  110  9:05  Assimilator  
  110  9:06  Assimilator  
  111  9:12  Pylon  
  111  9:19  Stalker x3  
  112  9:26  Zealot x2  
  111  9:35  Zealot x3  
  99  9:46  Dark Templar  
  99  9:52  Zealot x4  
Show
View Real Time Build Order
Export as new Build Order

SKillous Protoss - Winner!

Build Orders: Oracle Opening, Phoenix Opening 

Get SALT Encoding   

  12  0:01  Probe  
  13  0:13  Probe  
  14  0:20  Pylon  
  14  0:25  Probe (Chrono Boost)  
  15  0:38  Gateway, Probe (Chrono Boost)  
  16  0:46  Probe (Chrono Boost)  
  16  0:48  Assimilator  
  17  0:52  Probe (Chrono Boost)  
  18  0:57  Assimilator  
  19  1:04  Probe (Chrono Boost)  
  19  1:05  Pylon  
  19  1:13  Probe (Chrono Boost)  
  20  1:21  Probe  
  21  1:26  Cybernetics Core  
  21  1:30  Zealot  
  23  1:33  Probe  
  24  1:45  Probe  
  25  1:57  Probe  
  26  2:02  Sentry  
  28  2:11  Nexus  
  28  2:21  Stargate  
  28  2:24  Warp Gate  
  28  2:27  Probe  
  29  2:34  Pylon  
  29  2:42  Stalker  
  31  2:52  Probe  
  31  2:53  Shield Battery  
  32  3:03  Oracle (Chrono Boost)  
  32  3:04  Probe  
  35  3:16  Probe  
  35  3:19  Shield Battery, Gateway  
  36  3:25  Probe  
  37  3:40  Phoenix (Chrono Boost), Probe  
  40  3:53  Probe  
  41  3:56  Twilight Council  
  41  4:05  Probe  
  41  4:09  Probe  
  41  4:11  Shield Battery  
  41  4:14  Stalker x2  
  45  4:17  Probe (Chrono Boost)  
  45  4:21  Probe (Chrono Boost)  
  47  4:29  Probe (Chrono Boost)  
  47  4:30  Probe (Chrono Boost)  
  48  4:33  Blink, Probe (Chrono Boost)  
  48  4:35  Probe (Chrono Boost)  
  50  4:43  Probe  
  50  4:44  Forge  
  51  4:47  Probe  
  51  4:49  Stalker  
  54  4:55  Pylon  
  54  5:10  Protoss Ground Weapons Level 1 (Chrono Boost)  
  54  5:13  Probe x2  
  56  5:16  Stalker x2  
  60  5:25  Probe x2  
  60  5:27  Pylon  
  62  5:29  Nexus  
  62  5:32  Nexus  
  62  5:38  Probe  
  62  5:39  Assimilator  
  61  5:42  Robotics Facility  
  61  5:46  Pylon  
  61  5:48  Probe  
  62  5:53  Stalker x2  
  62  5:55  Probe  
  67  6:05  Gateway  
  67  6:06  Gateway  
  67  6:08  Probe  
  68  6:15  Probe  
  69  6:20  Probe  
  69  6:21  Stalker x2  
  72  6:27  Probe  
  72  6:32  Assimilator  
  73  6:33  Pylon  
  73  6:34  Pylon x2  
  73  6:38  Pylon  
  73  6:44  Gateway  
  73  6:45  Gateway  
  73  6:47  Gateway  
  73  6:48  Gateway  
  73  6:51  Probe  
  73  6:52  Charge (Chrono Boost)  
  73  6:54  Stalker x2  
  78  7:00  Templar Archives  
  78  7:07  Stalker  
  77  7:13  Observer  
  78  7:25  Nexus  
  78  7:27  Pylon  
  78  7:31  Probe x2  
  78  7:34  Warp Prism (Chrono Boost)  
  82  7:48  Stalker x3  
  82  7:49  Stalker x2  
  92  7:53  Probe  
  91  8:08  Observer  
  91  8:09  Stalker x3  
  97  8:12  Stalker  
  97  8:13  Stalker x2  
  101  8:24  Photon Cannon  
  101  8:25  Photon Cannon  
  101  8:29  Observer (Chrono Boost)  
  101  8:31  Zealot x2  
  106  8:37  Zealot x2  
  110  8:42  Observer (Chrono Boost)  
  110  8:46  Photon Cannon  
  111  8:49  High Templar x2  
  112  8:56  Archon  
  112  9:00  Zealot  
  112  9:01  Zealot x2  
  117  9:09  Zealot x3  
  123  9:12  Pylon  
  119  9:30  Zealot x4  
  119  9:31  Zealot x2  
  119  9:50  Zealot x2  
  119  9:51  Zealot x2  

Tags
 
Add a new tag
Caveats
  • Supply blocks, unpowered buildings, or Contaminate may cause inaccurate times.
  • Supply counts are checked every 10 seconds.